 Dungeon Crawl Stone Soup version 0.22-a0-515-g75794bf (webtiles) character file.

2862 Gildeon the Cleaver (level 9, -2/117 HPs)
             Began as a Minotaur Fighter on June 19, 2018.
             Was a Believer of Qazlal.
             Slain by a yak (6 damage)
             ... on level 6 of the Dungeon.
             The game lasted 00:20:02 (4928 turns).

Gildeon the Cleaver (Minotaur Fighter)              Turns: 4928, Time: 00:20:03

Health: -2/117     AC: 19    Str: 21    XL:     9   Next: 47%
Magic:  9/9        EV:  2    Int:  6    God:    Qazlal [**....]
Gold:   232        SH:  3    Dex: 17    Spells: 4/10 levels left

rFire    . . .     SeeInvis .   a - +0 war axe
rCold    . . .     Gourm    .   (no shield)
rNeg     + + +     Faith    .   (armour currently unavailable)
rPois    +         Spirit   .   (helmet currently unavailable)
rElec    .         Reflect  .   (cloak currently unavailable)
rCorr    .         Harm     .   (gloves currently unavailable)
MR       .....     NoTele   +   (boots currently unavailable)
Stlth    ++........             (no amulet)
HPRegen  0.29/turn              c - ring of poison resistance
MPRegen  0.11/turn              s - -5 ring of protection (curse)

@: agile, tree-form (expiring)
A: (retaliatory headbutt)
a: Upheaval, Renounce Religion


You were on level 6 of the Dungeon.
You worshipped Qazlal.
Qazlal was pleased with you.
You were not hungry.
You were a tree.
You visited 2 branches of the dungeon, and saw 7 of its levels.

You collected 232 gold pieces.

Inventory:

Hand Weapons
 a - a +0 war axe (weapon)
 n - a +0 spear of freezing
Armour
 b - a +0 scale mail
 i - a +1 cloak (melded)
 k - a +0 chain mail (melded)
 o - a +2 hat (melded)
 r - a +0 pair of boots (melded)
Jewellery
 c - a ring of poison resistance (left branch)
 s - a cursed -5 ring of protection (right branch)
Scrolls
 e - a scroll of identify
 g - 3 scrolls of teleportation
Potions
 d - 2 potions of cancellation
 h - 2 potions of agility
 j - 2 potions of magic
 l - a potion of invisibility
 m - a potion of haste
 t - a potion of mutation {unknown}
Comestibles
 f - 11 rations
 p - a chunk of flesh


   Skills:
 + Level 6.6 Fighting
 * Level 10.1 Axes
 + Level 6.7 Armour
 + Level 6.4 Dodging
   Level 3.6 Shields
 - Level 1.1 Spellcasting
 - Level 1.0 Conjurations
 - Level 1.0 Fire Magic
 - Level 1.0 Air Magic
 - Level 1.0 Poison Magic
 - Level 2.1 Invocations


You had 4 spell levels left.
You knew the following spells:

 Your Spells              Type           Power        Failure   Level  Hunger
a - Conjure Flame         Conj/Fire      #.......     65%         3    ####...
b - Mephitic Cloud        Conj/Pois/Air  #.......     65%         3    ####...

Your spell library contained the following spells:

 Spells                   Type           Power        Failure   Level  Hunger
 Magic Dart               Conj           #...         30%         1    ##.....
 Slow                     Hex            #.......     56%         2    ###....
 Blink                    Tloc           N/A          56%         2    ###....
 Call Imp                 Summ           #.......     56%         2    ###....


Dungeon Overview and Level Annotations

Branches:
Dungeon (6/15)             Temple (1/1) D:4

Altars:
Cheibriados
Dithmenos
Elyvilon
Fedhas
Gozag
Hepliaklqana
Makhleb
Nemelex Xobeh
Okawaru
Qazlal
Ru
Trog
Uskayaw
Vehumet
Wu Jian
Xom
Yredelemnul
Zin
The Shining One

Shops:
D:6 =


Innate Abilities, Weirdness & Mutations

((You reflexively headbutt those who attack you in melee.))
((You have a pair of horns on your head.))


Message History

Qazlal accepts your kill.
Training target 1.0 for Spellcasting reached!
Your Spellcasting skill increases to level 1!
You closely miss the yak. The yak gores you but does no damage.
You hit the yak.
The yak is lightly wounded.
Your transformation is almost over.
The yak gores you but does no damage.
You hit the yak.
The yak is lightly wounded.
The yak gores you!
* * * LOW HITPOINT WARNING * * *
You slash the yak!
The yak is severely wounded.
You block the yak's attack.
Okay, then.
You hit the yak.
The yak is severely wounded.
The yak gores you.
You die...

#..#.# . #..#.#
...########..#.#
.............#.#
....?....<..##.#
...###########.#
. #.# #.# #♣#
#Y# #.# #.# #.#
#.# #.# ..#


You could see a yak.

Vanquished Creatures
  Pikel (D:6)
  Grinder (D:6)
  Sigmund (D:2)
  A wyvern (D:6)
  5 yaks (D:6)
  A hungry ghost (D:5)
  2 slaves (D:6)
  3 ogres
  A crocodile (D:4)
  Blork the orc (D:6)
  A scorpion (D:5)
  A howler monkey (D:5)
  A quasit (D:6)
  2 hounds
  2 jellies (D:5)
  3 orc priests
  2 orc wizards
  Crazy Yiuf (D:5)
  2 worker ants
  A hound skeleton (D:5)
  6 gnolls (D:5)
  7 adders
  2 adder skeletons
  An adder zombie (D:5)
  A worm (D:4)
  A dart slug (D:1)
  3 leopard geckos
  13 orcs
  2 bats
  11 giant cockroaches
  9 goblins
  8 hobgoblins
  8 jackals
  4 quokkas
  A ball python (D:1)
  5 frilled lizards
  6 kobolds
  A leopard gecko skeleton (D:5)
  6 rats
  4 fungi (D:5)
132 creatures vanquished.

Vanquished Creatures (others)
  3 orcs (D:6)
3 creatures vanquished.

Grand Total: 135 creatures vanquished

Notes
Turn   | Place    | Note
-------+----------+-------------------------------------------
     0 | D:1      | Gildeon the Minotaur Fighter began the quest for the Orb.
     0 | D:1      | Reached XP level 1. HP: 19/19 MP: 0/0
   194 | D:1      | Reached XP level 2. HP: 27/27 MP: 1/1
   282 | D:1      | Reached skill level 1 in Dodging
   413 | D:1      | Reached skill level 3 in Axes
   555 | D:1      | Reached XP level 3. HP: 30/33 MP: 2/2
   798 | D:2      | Noticed Sigmund
   813 | D:2      | Killed Sigmund
   813 | D:2      | Reached skill level 4 in Axes
   813 | D:2      | Reached XP level 4. HP: 12/41 MP: 3/3
   813 | D:2      | Reached XP level 5. HP: 14/47 MP: 4/4
  1253 | D:2      | Found a stormy altar of Qazlal.
  1355 | D:2      | Reached skill level 5 in Fighting
  1458 | D:2      | Became a worshipper of Qazlal Stormbringer
  1683 | D:2      | Reached skill level 5 in Armour
  1908 | D:3      | Reached XP level 6. HP: 41/56 MP: 5/5
  2022 | D:3      | Learned a level 3 spell: Conjure Flame
  2072 | D:3      | Reached skill level 5 in Axes
  2229 | D:3      | Found a shimmering altar of Xom.
  2585 | D:4      | Reached * piety under Qazlal
  2587 | D:4      | Reached skill level 1 in Invocations
  2768 | D:4      | Found a staircase to the Ecumenical Temple.
  2781 | Temple   | Entered the Ecumenical Temple
  2922 | D:4      | Reached XP level 7. HP: 61/61 MP: 6/6
  2999 | D:4      | Learned a level 3 spell: Mephitic Cloud
  3016 | D:4      | Reached skill level 6 in Axes
  3031 | D:4      | Reached skill level 1 in Fire Magic
  3058 | D:4      | Found a bloodstained altar of Trog.
  3331 | D:5      | Entered Level 5 of the Dungeon
  3331 | D:5      | Noticed a hungry ghost
  3479 | D:5      | Reached skill level 7 in Axes
  3479 | D:5      | Reached skill level 1 in Air Magic
  3496 | D:5      | Killed a hungry ghost
  3502 | D:5      | Reached XP level 8. HP: 54/68 MP: 7/7
  3542 | D:5      | Reached ** piety under Qazlal
  3542 | D:5      | Reached skill level 5 in Dodging
  3542 | D:5      | Reached skill level 1 in Poison Magic
  3793 | D:5      | Found a hazy altar of Hepliaklqana.
  3935 | D:5      | Found a blossoming altar of Fedhas.
  4067 | D:5      | Reached skill level 8 in Axes
  4200 | D:5      | Found a runed door.
  4204 | D:5      | Noticed Crazy Yiuf
  4210 | D:5      | Killed Crazy Yiuf
  4296 | D:6      | Reached skill level 1 in Conjurations
  4561 | D:6      | Found Ykoif's Jewellery Boutique.
  4588 | D:6      | Noticed Pikel
  4588 | D:6      | Noticed Grinder
  4591 | D:6      | Noticed Blork the orc
  4608 | D:6      | Killed Pikel
  4608 | D:6      | Reached skill level 9 in Axes
  4608 | D:6      | Reached XP level 9. HP: 58/75 MP: 7/9
  4616 | D:6      | Killed Blork the orc
  4628 | D:6      | Paralysed by Grinder for 2 turns
  4631 | D:6      | Killed Grinder
  4910 | D:6      | Reached skill level 10 in Axes
  4923 | D:6      | Reached skill level 1 in Spellcasting
  4926 | D:6      | HP: 3/117 [yak (10)]
  4928 | D:6      | Slain by a yak

Vault maps used:
D:1:      mrwooster_arrival_statue
D:2:      grunt_qazlal_sundering, uniq_sigmund
D:3:      tgw_xom
D:4:      lemuel_doored_altar, minmay_temple_entry_overgrown, moated_statue
D:5:      marbit_many_paths, overflow_temple_1_default, first_ration,
          uniq_crazy_yiuf_cottage
D:6:      serial_shops, shop_statue, uniq_blork_the_orc, uniq_pikel,
          uniq_grinder
Temple:   regret_index_temple_waves

Skill      XL: |  1  2  3  4  5  6  7  8  9 |
---------------+----------------------------+-----
Dodging        | 1 2 3 4 5 6 |  6.4
Fighting       | 4 5 6 |  6.6
Armour         | 4 5 6 |  6.7
Axes           | 3 4 5 7 9 10 | 10.1
Invocations    | 1 2 |  2.1
Fire Magic     | 1 |  1.0
Air Magic      | 1 |  1.0
Poison Magic   | 1 |  1.0
Conjurations   | 1 |  1.0
Spellcasting   | 1 |  1.1
Shields        | |  3.6

Action                   |  1- 3 |  4- 6 |  7- 9 || total
-------------------------+-------+-------+-------++-------
Melee: War axe           |    60 |    99 |   199 ||   358
       Headbutt          |     5 |    16 |    39 ||    60
  Use: Scroll            |     2 |     9 |     6 ||    17
       Potion            |     1 |       |     2 ||     3
  Eat: Chunk             |       |     6 |     9 ||    15
Armor: Scale mail        |    19 |       |       ||    19
       Chain mail        |     5 |    45 |    94 ||   144
       Skin              |       |       |    17 ||    17
Dodge: Dodged            |    46 |    53 |    89 ||   188
Block: Other             |       |       |    14 ||    14

Table legend:
 A = Spawn XP
 B = Non-spawn XP
 C = Spawn XP percentage of total XP
 D = Spawn monster count
 E = Non-spawn monster count
 F = Spawn count percentage of total count
 G = Total turns spent on level
                    A         B        C        D         E        F      G
               +---------+---------+-------+---------+---------+-------+---------
         Total |       0 |    4089 |   0.0 |       0 |     126 |   0.0 |  4928
               +---------+---------+-------+---------+---------+-------+---------
           D:1 |       0 |      47 |   0.0 |       0 |      27 |   0.0 |   821
           D:2 |       0 |     294 |   0.0 |       0 |      17 |   0.0 |   921
           D:3 |       0 |     156 |   0.0 |       0 |      20 |   0.0 |   770
           D:4 |       0 |     494 |   0.0 |       0 |      15 |   0.0 |   751
           D:5 |       0 |     735 |   0.0 |       0 |      31 |   0.0 |   858
           D:6 |       0 |    2363 |   0.0 |       0 |      16 |   0.0 |   686
               +---------+---------+-------+---------+---------+-------+---------
